 BcadrenCrawl: Boulder Brew version 0.05.31-16-g17090fb0d7 (webtiles) character file.

Game seed: 11886047992682562388, levelgen mode: deterministic

196 diana the Ducker (level 5, -9/35 HPs) Lignifite Demonspawn. Began on Sept 25, 2021. Mangled by a crocodile (19 damage) ... on level 2 of the Dungeon. The game lasted 00:05:52 (1917 turns).

diana the Ducker (Lignifite Demonspawn)             Turns: 1917, Time: 00:05:53

Health: -9/35      AC:  4    Str: 19    XL:     5 ^: 100
Magic:  8/8        EV: 15    Int: 14    God:
Gold:   56         SH:  2    Dex:  8    Spells: 5/6 levels left

rFire    x . .     Vision   .   a - +0 morningstar
rCold    . . .     Gourm    .   (weapon restricted)
rNeg     . . .     Faith    .   b - +0 robe
rCorr    + . .     Spirit   .   (helmet restricted)
rPois    +         Reflect  .   (no cloak)
rElec    .         Harm     .   (gloves unavailable)
MR       .....                  (boots unavailable)
Stlth    ++........             (no amulet)
HPRegen  0.21/turn              i - ring of resist corrosion
MPRegen  0.18/turn              (no ring)

@: sanguine armour, very quick
A: small, branches (SH +, deformed body 1, speed 2, poison resistance, powered
by pain 1, slow metabolism 1, torment resistance, plant, woody flesh (rF-) 1,
rot immunity, sanguine armour
a: no special abilities


You were on level 2 of the Dungeon.
You were not hungry.

You visited 1 branch of the dungeon, and saw 2 of its levels.

You collected 56 gold pieces.

Inventory:

Weapons
 a - a +0 morningstar (weapon)
Armour
 b - a +0 robe (worn)
Jewellery
 i - a ring of resist corrosion (left hand)
Scrolls
 f - 3 scrolls of teleportation
 h - a scroll of blinking
 j - a scroll of fear
 k - a scroll of summoning
Potions
 c - a potion of agility
 e - a potion of might
 g - 2 potions of ambrosia
 l - a potion of curing
 m - a potion of berserk rage
Comestibles
 d - 5 rations


   Skills:
 * Level 2.6 Fighting
 + Level 3.3 Maces & Staves
 + Level 1.6 Armour
 + Level 3.4 Dodging
 - Level 1.7 Stealth
 - Level 1.1 Spellcasting
 - Level 1.5 Fire Magic
   Level 3.0 Invocations


You had 5 spell levels left.
You knew the following spells:

 Your Spells              Type           Power        Failure   Level  Hunger
a - Flame Tongue          Fire           5 (30)       14%         1    25-45

Your spell library contained the following spells:

 Spells                   Type           Power        Failure   Level  Hunger
 Slow Hex 0 (100) 26% 1 25-45 Blink Tloc N/A 36% 2 65-105 Call Imp Summ 0 (100) 36% 2 65-105 Conjure Flame Fire 5 (100) 38% 3 105-165 Mephitic Cloud Pois/Air       0 (100)      61%         3    105-165


Dungeon Overview and Level Annotations

Branches:
Dungeon (2/8)

Altars:


Innate Abilities, Weirdness & Mutations

You are small and have problems with some larger weapons.
A tangle of shorter branches protects your body from attack. (SH +2)
Armour fits poorly on your strangely shaped body.
You cover ground very quickly.
Your system is resistant to poisons. (rPois)
You sometimes gain a little power by taking damage.
You have a slow metabolism.
You are immune to unholy pain and torment.
You require very little carbon dioxide to survive.
Your woody flesh burns easily. (rF-)
You are immune to rotting.
When seriously injured, your bleeding wounds create armour. (AC +3)


Message History

You barely miss the crocodile. You hit the crocodile but do no damage.
The crocodile is lightly wounded. (25/30) HP The crocodile closely misses you (0).
The crocodile barely misses you (0).
You hit the crocodile (6). You hit the crocodile but do no damage.
The crocodile is moderately wounded. (19/30) HP The crocodile bites you (1).
You hit the crocodile but do no damage. You barely miss the crocodile.
The crocodile is moderately wounded. (19/30) HP The crocodile misses you (0).
You hit the crocodile (2). You barely miss the crocodile.
The crocodile is heavily wounded. (17/30) HP The crocodile bites you (19)!!
Ouch! That really hurt!
Your blood congeals into armour.
The crocodile bites you (6).
* * * LOW HITPOINT WARNING * * *
You hit the crocodile (6). You hit the crocodile but do no damage.
The crocodile is severely wounded. (11/30) HP The crocodile bites you (19)!!
Ouch! That really hurt!
You die...

..≈#.≈≈≈≈≈≈≈.....
#≈.#.#.≈≈≈≈≈≈..## .≈≈.≈≈≈..
#..$..≈.≈....#. # .≈..≈≈≈..
#.....#...≈≈.#. # ...≈....#
#.......≈≈≈≈..≈## .≈≈≈.≈≈.###
##....≈#.≈≈≈≈....#
..≈≈≈≈≈.#≈####≈....#..≈≈≈≈.#≈.≈
#$≈≈≈≈≈≈.#≈≈..≈≈t...≈#≈≈≈≈≈.###.
#≈≈≈≈≈≈≈†#.....@...###≈≈≈≈....≈≈
#≈≈≈≈≈≈≈≈#≈.....≈.##≈#≈≈≈≈≈...≈#
≈≈≈≈≈≈≈≈≈#.......##≈≈≈≈≈≈≈≈.##.≈
#≈≈≈≈≈≈≈?......≈#≈..≈≈≈≈≈≈.#≈.#
###≈≈≈≈........##≈###.≈≈≈≈.##≈≈
##≈≈≈†#≈....≈#####≈≈.≈≈≈.###.
##≈≈≈####≈.## #.#...≈..≈.≈.
#..≈# #### #≈..≈≈≈≈.#.## ##≈.#
#≈..≈≈≈≈≈####


You could see a crocodile.

Vanquished Creatures
  A jelly (D:2)
  4 giant cockroaches
  4 adders
  2 sewer rats (D:2)
  3 cinder newts
  2 dart slugs (D:1)
  2 leopard geckos
  5 bats
  6 goblins (D:1)
  2 hobgoblins (D:1)
  5 kobolds (D:1)
  2 rats (D:1)
38 creatures vanquished.

Vanquished Creatures (others)
  9 giant cockroaches (D:2)
  4 sewer rats (D:2)
  A bat skeleton (D:2)
  7 giant blowflies (D:2)
  67 withered plants (D:2)
88 creatures vanquished.

Grand Total: 126 creatures vanquished

Notes
Turn   | Place    | Note
-------+----------+-------------------------------------------
     0 | D:1      | diana the Lignifite Demonspawn began the quest for the Orb.
     0 | D:1      | Reached XP level 1. HP: 13/13 MP: 4/4
    19 | D:1      | Gained mutation: When seriously injured, your bleeding
                  | wounds create armour. (AC +3) [demonic ancestry]
    19 | D:1      | Reached XP level 2. HP: 18/18 MP: 5/5
   196 | D:1      | Gained mutation: You sometimes gain a little power by
                  | taking damage. [demonic ancestry]
   196 | D:1      | Reached XP level 3. HP: 23/23 MP: 6/6
   329 | D:1      | Reached skill level 1 in Armour
   674 | D:1      | Reached XP level 4. HP: 27/29 MP: 7/7
   762 | D:2      | Noticed a crocodile
   797 | D:2      | Noticed a slime creature
  1429 | D:2      | Reached XP level 5. HP: 29/34 MP: 8/8
  1917 | D:2      | Mangled by a crocodile

Levels and vault maps discovered:
D:1:      tarquinn_simple_flora_water_c, layout_loops_ring
D:2:      layout_sewer, sewer_frog_spiral, first_ration, minmay_misc_feat_x

Skill      XL: |  1  2  3  4 |
---------------+-------------+-----
Dodging        | 3 |  3.4
Armour         | 1 |  1.6
Fighting       | 2 |  2.6
Maces & Staves | 3 |  3.3
Stealth        | |  1.7
Spellcasting   | |  1.1
Fire Magic     | |  1.5
Invocations    | |  3.0

Action                   |  1- 3 |  4- 6 || total
-------------------------+-------+-------++-------
Melee: Morningstar       |   103 |   189 ||   292
       Unarmed           |    80 |   178 ||   258
 Stab: Sleeping          |     1 |     1 ||     2
  Eat: Chunk             |       |     2 ||     2
Armor: Robe              |     7 |    30 ||    37
Dodge: Dodged            |   147 |   271 ||   418
Block: Other             |     4 |    12 ||    16
